 Dungeon Crawl Stone Soup version 0.28-a0-883-gc8d7bad45d (webtiles) character file.

Game seed: 16405295016762097455

2573 mandarbmax the Fighter (level 9, 0/78 HPs)
             Began as a Demonspawn Artificer on Nov 21, 2021.
             Was a Follower of Fedhas.
             Killed by divine providence
             ... invoked by an orc priest
              (8 damage)
             ... on level 7 of the Dungeon.
             The game lasted 00:21:43 (7953 turns).

mandarbmax the Fighter (Demonspawn Artificer)       Turns: 7953, Time: 00:21:44

Health: 0/78       AC: 12    Str: 22    XL:     9   Next: 32%
Magic:  10/10      EV: 14    Int: 13    God:    Fedhas [*.....]
Gold:   206        SH:  5    Dex: 19    Spells: 8/8 levels left

rFire   . . .      SeeInvis .   a - +2 hand axe (elec)
rCold   . . .      Faith    .   (no shield)
rNeg    . . .      Spirit   .   y - +0 swamp dragon scales
rPois   +          Reflect  +   (no helmet)
rElec   .          Harm     .   m - +2 cloak
rCorr   .          Rampage  .   z - +0 pair of gloves
Will    .....                   (no boots)
Stlth   +.........              w - amulet of reflection
HPRegen 0.23/turn               r - +6 ring of dexterity
MPRegen 0.12/turn               u - +6 ring of strength

@: no status effects
A: powered by death 2, sharp scales 1, weakness stinger 1
a: Renounce Religion


You were on level 7 of the Dungeon.
You worshipped Fedhas.
Fedhas was aware of your devotion.
You visited 2 branches of the dungeon, and saw 8 of its levels.

You collected 206 gold pieces.

Inventory:

Hand Weapons
 a - a +2 hand axe of electrocution (weapon)
 b - a +0 vorpal shortbow
 x - a +1 whip of freezing
Missiles
 p - 37 arrows
 B - 2 throwing nets (quivered)
Armour
 m - a +2 cloak (worn)
 y - +0 swamp dragon scales (worn)
 z - a +0 pair of gloves (worn)
Jewellery
 f - an amulet of the acrobat
 r - a +6 ring of dexterity (left hand)
 u - a +6 ring of strength (right hand)
 w - an amulet of reflection (around neck)
Wands
 d - a wand of charming (9)
 t - a wand of polymorph (7)
 A - a wand of flame (18)
Scrolls
 c - 4 scrolls of identify
 g - a scroll of magic mapping {unknown}
 i - a scroll of immolation
 q - 2 scrolls of fog
Potions
 h - a potion of might
 j - a potion of degeneration {unknown}
 l - a potion of flight
 n - 3 potions of heal wounds
 o - 2 potions of brilliance
 s - 3 potions of ambrosia
 v - a potion of berserk rage {unknown}
 C - a potion of haste {unknown}
 D - 2 potions of resistance {unknown}
Miscellaneous
 e - a piece from Xom's chessboard (5/15)


   Skills:
 - Level 10.0 Fighting
 + Level 0.7 Bows
 - Level 2.0 Armour
 - Level 5.0 Dodging
 - Level 1.0 Stealth
 + Level 1.3 Invocations
 - Level 6.0 Evocations


You had 8 spell levels left.
You didn't know any spells.
Your spell library contained the following spells:

 Spells                   Type           Power      Damage    Failure   Level
 Slow                     Hex            0%         N/A       45%         1
 Confusing Touch          Hex            0%         N/A       83%         3
 Frozen Ramparts          Ice            0%         1d2       83%         3
 Ignite Poison            Fire/Tmut/Pois 0%         N/A       83%         3
 Mephitic Cloud           Conj/Pois/Air  0%         N/A       83%         3
 Ice Form                 Ice/Tmut       0%         N/A       99%         4
 Summon Ice Beast         Ice/Summ       0%         N/A       99%         4
 Freezing Cloud           Conj/Ice/Air   0%         6-21      100%        5
 Yara's Violent Unravell  Hex/Tmut       0%         3d3       100%        5


Dungeon Overview and Level Annotations

Branches:
Dungeon (7/15)             Temple (1/1) D:5

Altars:
Ashenzari
Dithmenos
Elyvilon
Fedhas
Gozag
Hepliaklqana
Okawaru
Qazlal
Ru
Sif Muna
Uskayaw
Yredelemnul
The Shining One

Shops:
D:3 (


Innate Abilities, Weirdness & Mutations

You regenerate health from kills.
You are partially covered in razor-sharp scales. (AC +1, Slay +1)
You have a small tail.


Message History

You hit the orc priest.
The orc priest is lightly wounded.
The orc priest closely misses you.
The skeletal warrior hits you from afar with a +0 vorpal glaive.
The orc priest closely misses you.
You hit the orc priest but do no damage.
The orc priest is lightly wounded.
The skeletal warrior hits you from afar with a +0 vorpal glaive!
The orc priest barely misses you.
You barely miss the orc priest. You tail-slap the orc priest.
The orc priest is moderately wounded.
The skeletal warrior hits you from afar with a +0 vorpal glaive!
The orc priest begins to cast a cantrip, but forgets the words!
You closely miss the orc priest.
The orc priest is moderately wounded.
The skeletal warrior hits you but does no damage.
The orc priest mumbles some strange prayers to Beogh against you.
Beogh smites you!
The skeletal warrior hits you from afar with a +0 vorpal glaive.
You hear a shout!
The orc priest invokes the aid of Beogh against you.
Pain shoots through your body!
You can't go down here!
Okay, then.
Aiming: Throw Flame
Press: ? - help, Shift-Dir - straight line, f - orc priest
Aim: an orc priest, wielding a +0 whip (moderately wounded, 74% to hit)
The puff of flame hits the orc priest!
The orc priest is severely wounded.
Unknown command.
The orc priest calls down the wrath of Beogh upon you.
Beogh smites you!
* * * LOW HITPOINT WARNING * * *
The orc priest calls down the wrath of Beogh upon you.
Beogh smites you!
* * * LOW HITPOINT WARNING * * *
The orc priest calls down the wrath of Beogh upon you.
Beogh smites you!
You die...
Fedhas appreciates your contribution to the ecosystem.

#.###### #.#
########.#####.#
#..............##
#.#####oz........
#..## #..########
#...# #..#
#.#.###.^#
#.._..#@.#
###.#.#.#..######
#...#.#.#.......#
#.#.#......####.#
#.#.###.#### #.#
#.#.....# #.#
#.###.### #.# #.#
#.#########.########
#.#
#..................#


You could see a skeletal warrior and an orc priest.

Vanquished Creatures
  Pikel (D:5)
  Maggie (D:6)
  2 water moccasins (D:5)
  Duvessa (D:4)
  A necrophage (D:4)
  An orc warrior (D:6)
  A centaur (D:6)
  A phantom (D:7)
  Blork the orc (D:5)
  A gnoll sergeant (D:5)
  2 water moccasin zombies (D:7)
  4 scorpions
  3 centaur zombies
  3 hounds
  A gnoll shaman (D:7)
  2 jellies
  An orc priest (D:7)
  Jessica (D:2)
  An iguana (D:5)
  3 orc wizards
  A killer bee zombie (D:7)
  10 gnolls
  6 adders
  A white imp (D:7)
  An ufetubus (D:6)
  A worm (D:3)
  3 dart slugs
  20 orcs
  7 endoplasms
  5 goblins
  6 hobgoblins
  4 jackals (D:4)
  9 kobolds
  8 quokkas
  9 ball pythons
  5 bats
  2 frilled lizards
  6 rats
136 creatures vanquished.

Vanquished Creatures (collateral kills)
  Dowan (D:4)
  An adder (D:5)
2 creatures vanquished.

Vanquished Creatures (others)
  An orc (D:6)
  19 plants (D:3)
20 creatures vanquished.

Grand Total: 158 creatures vanquished

Notes
Turn   | Place    | Note
-------+----------+-------------------------------------------
     0 | D:1      | mandarbmax the Demonspawn Artificer began the quest for the
                  | Orb.
     0 | D:1      | Reached XP level 1. HP: 15/15 MP: 1/1
    25 | D:1      | Reached skill level 1 in Dodging
   291 | D:1      | Gained mutation: You are partially covered in razor-sharp
                  | scales. (AC +1, Slay +1) [demonic ancestry]
   291 | D:1      | Reached XP level 2. HP: 21/21 MP: 2/2
   299 | D:1      | Found a faded altar of an unknown god.
   591 | D:2      | Reached skill level 2 in Fighting
   591 | D:2      | Gained mutation: You have a small tail. [demonic ancestry]
   591 | D:2      | Reached XP level 3. HP: 22/27 MP: 3/3
   785 | D:2      | Found a blossoming altar of Fedhas.
  1308 | D:2      | Noticed Jessica
  1314 | D:2      | Killed Jessica
  1315 | D:2      | Reached skill level 3 in Fighting
  1315 | D:2      | Reached XP level 4. HP: 35/35 MP: 4/4
  1408 | D:2      | You fall into a shaft and drop 1 floor!
  1737 | D:3      | Found an opulent altar of Gozag.
  1909 | D:3      | Reached skill level 4 in Fighting
  1944 | D:3      | Reached XP level 5. HP: 38/42 MP: 5/5
  2065 | D:3      | Found Eghush's Antique Weapon Boutique.
  2080 | D:3      | Found a large runed translucent door.
  2080 | D:3      | Found a large runed translucent door.
  2174 | D:3      | Found an iron altar of Okawaru.
  2183 | D:3      | Found a hide-covered altar of Uskayaw.
  2529 | D:4      | Noticed a necrophage
  2542 | D:4      | Killed a necrophage
  2543 | D:4      | Reached skill level 5 in Fighting
  2707 | D:4      | Reached XP level 6. HP: 28/51 MP: 6/6
  3093 | D:4      | Noticed Dowan
  3094 | D:4      | Noticed Duvessa
  3117 | D:4      | Killed Dowan
  3119 | D:4      | Killed Duvessa
  3120 | D:4      | Reached skill level 6 in Fighting
  3526 | D:5      | Entered Level 5 of the Dungeon
  3539 | D:5      | Noticed a water moccasin
  3557 | D:5      | Killed a water moccasin
  3558 | D:5      | Gained mutation: You regenerate a little health from kills.
                  | [demonic ancestry]
  3558 | D:5      | Reached XP level 7. HP: 26/58 MP: 7/7
  3798 | D:5      | Noticed Blork the orc
  3808 | D:5      | Killed Blork the orc
  4164 | D:5      | Noticed Pikel
  4649 | D:5      | Killed Pikel
  4650 | D:5      | Gained mutation: You regenerate health from kills. [demonic
                  | ancestry]
  4650 | D:5      | Reached XP level 8. HP: 48/64 MP: 8/8
  4806 | D:5      | Found a stormy altar of Qazlal.
  4907 | D:5      | Reached skill level 5 in Dodging
  5218 | D:5      | Reached skill level 7 in Fighting
  5262 | D:5      | Found a staircase to the Ecumenical Temple.
  5481 | Temple   | Entered the Ecumenical Temple
  5568 | Temple   | Became a worshipper of Fedhas Madash
  6065 | D:6      | Noticed Maggie
  6088 | D:6      | Killed Maggie
  6089 | D:6      | Reached skill level 8 in Fighting
  6576 | D:6      | Reached skill level 9 in Fighting
  6598 | D:6      | Reached XP level 9. HP: 76/76 MP: 9/9
  6992 | D:7      | Reached * piety under Fedhas
  7001 | D:7      | Noticed a cyclops
  7331 | D:7      | Noticed a troll
  7415 | D:7      | Reached skill level 10 in Fighting
  7530 | D:7      | Found a broken altar of Ashenzari.
  7539 | D:7      | Noticed a skeletal warrior
  7879 | D:7      | Reached skill level 1 in Stealth
  7922 | D:7      | Reached skill level 1 in Invocations
  7953 | D:7      | Killed from afar by an orc priest

Illustrated notes

Levels and vault maps discovered:
D:1:      evilmike_arrival_plus, layout_basic,
          dreamdust_ecumenical_altar_statues
D:2:      layout_basic, basic_altar, uniq_jessica
D:3:      wad_woods_tower, layout_basic,
          nicolae_gozag_cash_rules_everything_around_me, jmf_multi_god_temple2,
          serial_shops, nicolae_shop_overgrown_old_shop
D:4:      layout_basic, elyvilon_altar_5, uniq_duvessa
D:5:      layout_loops_corners, nicolae_qazlal_eye_of_the_storm,
          minmay_temple_entry_poolview, uniq_pikel, uniq_blork_the_orc
D:6:      layout_basic, uniq_maggie
D:7:      cheibrodos_fzero, layout_loops_ring, lemuel_crystal_altar,
          solitary_fountain
Temple:   regret_index_temple_generic_petals

Skill      XL: |  1  2  3  4  5  6  7  8  9 |
---------------+----------------------------+-----
Dodging        | 1 2 3 4 5 |  5.0
Armour         | 2 |  2.0
Fighting       | 2 3 4 5 6 9 10 | 10.0
Evocations     | 4 6 |  6.0
Stealth        | 1 |  1.0
Invocations    | 1 |  1.3
Bows           | |  0.7

Action                   |  1- 3 |  4- 6 |  7- 9 || total
-------------------------+-------+-------+-------++-------
Melee: Spear             |    67 |   117 |    49 ||   233
       Club              |    11 |       |       ||    11
       Tailslap          |       |    13 |    46 ||    59
       Hand axe          |       |       |   153 ||   153
 Fire: Shortbow          |       |       |    12 ||    12
Evoke: Wand              |     4 |    14 |     7 ||    25
       Piece from Xom's  |       |     4 |    17 ||    21
  Use: Potion            |       |     4 |     3 ||     7
       Scroll            |       |       |    11 ||    11
 Stab: Sleeping          |     2 |     6 |       ||     8
       Distracted        |     1 |       |       ||     1
       Confused          |       |       |     2 ||     2
       Petrified         |       |       |    11 ||    11
       Paralysed         |       |       |     2 ||     2
Armor: Leather armour    |    14 |    22 |     9 ||    45
       Skin              |       |    17 |       ||    17
       Swamp dragon scal |       |       |    59 ||    59
Dodge: Dodged            |    34 |    42 |   146 ||   222
Block: Other             |       |       |    39 ||    39
       Reflection        |       |       |     2 ||     2

Table legend: (Time is in decaauts)
 A = Elapsed time spent in this place.
 B = Non-inter-level travel time spent in this place.
 C = Inter-level travel time spent in this place.
 D = Time resting spent in this place.
 E = Time spent auto-exploring this place.
 F = Levels seen in this place.
 G = Mean time per level.
                   A        B        C        D        E       F      G
               +--------+--------+--------+--------+--------+-----+--------+
         Total |   8030 |   7468 |    562 |   1804 |   4198 |   8 | 1003.8 |
       Dungeon |   7920 |   7395 |    525 |   1804 |   4131 |   7 | 1131.4 |
        Temple |    109 |     73 |     36 |      0 |     67 |   1 |  109.0 |
               +--------+--------+--------+--------+--------+-----+--------+

Top non-repeatable levels by time:
     D:5: 1806 daAuts
     D:4: 1698 daAuts
     D:6: 1327 daAuts
     D:2: 996 daAuts
     D:3: 838 daAuts
     D:7: 669 daAuts
     D:1: 584 daAuts
  Temple: 109 daAuts
